 Dungeon Crawl Stone Soup version 0.31-a0-543-geaa9c7a2c0 (webtiles) character file.

Game seed: 15394525066045440621

73 Ethylacetat the Ducker (level 4, -2/31 HPs)
             Began as an Octopode Gladiator on Aug 15, 2023.
             Killed by divine providence
             ... invoked by an orc priest
              (9 damage)
             ... on level 3 of the Dungeon.
             The game lasted 00:01:10 (1583 turns).

Ethylacetat the Ducker (Octopode Gladiator)         Turns: 1583, Time: 00:01:10

Health: -2/31      AC:  1    Str: 13    XL:     4   Next: 27%
Magic:  4/4        EV: 14    Int: 10    God:
Gold:   85         SH:  0    Dex: 15    Spells: 3/3 levels left

rFire   . .          .
                       - Unarmed
rCold   . . .        (no shield)
rNeg    . . .        a - +0 hat
rPois   .            (no amulet)
rElec   .            (no ring)
rCorr   .            (no ring)
SInv    .            (no ring)
Will    .....        (no ring)
Stlth   ++           (no ring)
HPRegen 0.25/turn    (no ring)
MPRegen 0.09/turn    (no ring)
                     (no ring)

%: no passive effects
@: no status effects
A: almost no armour, amphibious, 8 rings, camouflage 1, gelatinous body 1,
(nimble swimmer 1), tentacles
a: no special abilities


You were on level 3 of the Dungeon.
You visited 1 branch of the dungeon, and saw 3 of its levels.

You collected 85 gold pieces.

Inventory:

Missiles
 b - 3 throwing nets (quivered)
 c - a javelin
Armour
 a - a +0 hat (worn)
Scrolls
 g - a scroll of brand weapon {unknown}
 j - a scroll of identify {unknown}
 k - a scroll of poison {unknown}
 l - a scroll of torment {unknown}
Potions
 d - a potion of curing {unknown}
 e - 2 potions of degeneration {unknown}
 f - 2 potions of heal wounds {unknown}
 h - 2 potions of mutation {unknown}
 i - a potion of cancellation {unknown}


   Skills:
 + Level 3.0 Fighting
 - Level 2.0 Throwing
 + Level 3.7 Dodging
 + Level 3.7 Unarmed Combat


You had 3 spell levels left.
You didn't know any spells.
Your spell library contained the following spells:

 Spells                   Type           Power      Damage    Failure   Level
 Shock                    Conj/Air       0%         1d3       36%         1
 Swiftness                Air            0%         N/A       75%         3
 Airstrike                Air            0%         2d(0-16)  98%         4
 Animate Dead             Necr           0%         N/A       98%         4
 Borgnjor's Vile Clutch   Necr/Erth      0%         N/A       100%        5
 Death Channel            Necr           0%         N/A       100%        6


Dungeon Overview and Level Annotations

Branches:
Dungeon (3/15)

Altars:


Innate Abilities, Weirdness & Mutations

You cannot wear most types of armour.
You are amphibious.
You can wear up to eight rings at the same time.
Your skin changes colour to match your surroundings (Stealth+).
Your rubbery body absorbs attacks. (AC +1, EV +1)
((You are camouflaged when in or above water. (Stealth+)))
You have tentacles for arms and can constrict up to eight enemies at once.


Message History

There are monsters nearby!
A kobold comes into view. It is wielding a +0 whip.
There are monsters nearby!
Found a scroll labelled CIAFIHU BIOCEG.
The goblin shouts!
The kobold shouts!
You hear a shout!
There are monsters nearby!
You barely miss the goblin. You grab the goblin. You constrict the goblin.
The goblin completely misses you.
There are monsters nearby!
You tentacle-slap the goblin.
You kill the goblin!
The goblin barely misses you.
A kobold comes into view. It is wielding a +0 short sword.
There are monsters nearby!
You closely miss the kobold.
The kobold shouts!
Your grab misses the kobold. The goblin hits you with a +0 dagger.
The kobold hits you with a +0 whip.
An orc priest comes into view. It is wielding a +0 club.
You tentacle-slap the kobold. Your grab misses the kobold.
The kobold is moderately wounded.
The goblin hits you with a +0 dagger. The kobold barely misses you.
There are monsters nearby!
You closely miss the kobold. Your grab misses the kobold.
You squeeze the kobold, but do no damage.
The kobold is moderately wounded.
The orc priest mumbles some strange prayers to Beogh against you.
Beogh smites you! The goblin closely misses you. The kobold barely misses you.
You are too injured to fight recklessly!
There are monsters nearby!
You are too injured to fight recklessly!
You are too injured to fight recklessly!
You are too injured to fight recklessly!
The kobold throws a stone.
The stone hits you but does no damage. The goblin attacks as you move away!
The goblin hits you with a +0 dagger. The goblin attacks as you move away!
The goblin hits you with a +0 dagger.
* * * LOW HITPOINT WARNING * * *
The orc priest invokes the aid of Beogh against you.
Beogh smites you!
You die...

......##.####...#
...... ### ###.# .....
#.# .#... #.# ...# #.#
...#### #.##
.......#### #..#
..........##### ##.###
.#..o.....g@..####...##
........K####...####..#
.........#
###...###.#####
..#...K.##
###....)....# #.....#
##........# ........?
#.....>..# .........
########## .........#
..#.....##


You could see an orc priest, a goblin and a kobold.

Vanquished Creatures
  2 adders (D:2)
  2 worms (D:2)
  A dart slug (D:1)
  A bat (D:1)
  3 endoplasms
  A giant cockroach (D:2)
  10 goblins
  3 hobgoblins
  4 kobolds
  2 quokkas
  6 ball pythons
  4 frilled lizards
  5 rats
44 creatures vanquished.

Notes
Turn   | Place    | Note
-------+----------+-------------------------------------------
     0 | D:1      | Ethylacetat the Octopode Gladiator began the quest for the
                  | Orb.
     0 | D:1      | Reached XP level 1. HP: 14/14 MP: 1/1
     3 | D:1      | Noticed an electric eel
     4 | D:1      | Noticed an electric eel
   218 | D:1      | Reached XP level 2. HP: 19/19 MP: 2/2
   578 | D:1      | Reached XP level 3. HP: 25/25 MP: 3/3
  1116 | D:2      | Reached XP level 4. HP: 30/30 MP: 4/4
  1583 | D:3      | Killed from afar by an orc priest

Illustrated notes

Levels and vault maps discovered:
D:1:      arrival_aquarium_b, layout_basic
D:2:      layout_basic, grunt_decor_junction
D:3:      layout_rooms, nicolae_elevator_lobby_plus

Skill      XL: |  1  2  3  4 |
---------------+-------------+-----
Fighting       | 3 |  3.0
Throwing       | |  2.0
Dodging        | |  3.7
Unarmed Combat | |  3.7

Action                     |  1- 3 |  4- 6 || total
---------------------------+-------+-------++-------
  Melee: Unarmed           |    76 |    16 ||    92
         Constrict         |    16 |     5 ||    21
         Punch             |     3 |       ||     3
         Tentacles         |     9 |     1 ||    10
   Stab: Sleeping          |     5 |     1 ||     6
 Armour: Skin              |     4 |     2 ||     6
  Dodge: Dodged            |    44 |    11 ||    55

Table legend: (Time is in decaauts)
 A = Elapsed time spent in this place.
 B = Non-inter-level travel time spent in this place.
 C = Inter-level travel time spent in this place.
 D = Time resting spent in this place.
 E = Time spent auto-exploring this place.
 F = Levels seen in this place.
 G = Mean time per level.
                   A        B        C        D        E       F      G
               +--------+--------+--------+--------+--------+-----+--------+
         Total |   1577 |   1523 |     54 |      0 |   1268 |   3 |  525.7 |
       Dungeon |   1577 |   1523 |     54 |      0 |   1268 |   3 |  525.7 |
               +--------+--------+--------+--------+--------+-----+--------+

Top non-repeatable levels by time:
     D:2: 761 daAuts
     D:1: 742 daAuts
     D:3: 73 daAuts
